 Dungeon Sprint DCSS version 0.29-a0-330-g52719c12eb (webtiles) character file.

Game seed: 7153575703584982631

67000000 thiscave3701365 the Archmage (level 27, 193/228 HPs)
             Began as a Djinni Warper on Apr 12, 2022.
             Was the Champion of Makhleb.
             Escaped with the Orb!
             The game lasted 00:04:59 (335 turns).

thiscave3701365 the Archmage (Djinni Warper)         Turns: 335, Time: 00:05:00

Health: 193/228    AC:  6    Str: 20    XL:     27
Gold:   0          EV: 26    Int: 18    God:    Makhleb [******] SH:  0 Dex: 14

rFire   + + .      SeeInvis +   i - +∞ Axe of Woe
rCold   x . .      Faith    .   (shield currently unavailable)
rNeg    . . .      Spirit   .   b - +0 leather armour
rPois   ∞          Reflect  .   (no helmet)
rElec   .          Harm     .   (no cloak)
rCorr   .          Rampage  .   (no gloves)
Will    ++...      NoTele   +   (boots unavailable)
Stlth   +.........              (no amulet)
HPRegen 0.48/turn               j - ring of see invisible
MPRegen 0.00/turn               (no ring)

@: confused, flying
A: sickness immunity, fire resistance 2, cold vulnerability 1, float, innate
caster, HP casting, extra vitality 1
0: Orb of Zot
}: 1/15 runes: slimy
a: Renounce Religion, Minor Destruction, Lesser Servant of Makhleb, Major
Destruction, Greater Servant of Makhleb


You escaped.
You worshipped Makhleb.
Makhleb was exalted by your worship.
You visited 1 branch

Inventory:

Hand Weapons
 a - a +0 hand axe
 i - the +∞ Axe of Woe (weapon)
   (You found it in the Dungeon)
Missiles
 d - 7 boomerangs of dispersal
Armour
 b - a +0 leather armour (worn)
Jewellery
 j - a ring of see invisible (left hand)
Scrolls
 c - 2 scrolls of blinking
Potions
 e - a potion of curing
 f - a potion of heal wounds
 g - a potion of haste
 h - a potion of berserk rage


   Skills:
 O Level 27 Fighting
 O Level 27 Short Blades
 O Level 27 Long Blades
 O Level 27 Axes
 O Level 27 Maces & Flails
 O Level 27 Polearms
 O Level 27 Staves
 O Level 27 Slings
 O Level 27 Bows
 O Level 27 Crossbows
 O Level 27 Throwing
 O Level 27 Armour
 O Level 27 Dodging
 O Level 27 Stealth
 O Level 27 Shields
 O Level 27 Unarmed Combat
 O Level 27 Spellcasting
 O Level 27 Invocations
 O Level 27 Evocations


You couldn't memorise any spells.
You knew the following spells:

 Your Spells              Type           Power      Damage    Failure   Level
a - Blink                 Tloc           100%       N/A       0%          2
b - Lesser Beckoning      Tloc           88%        N/A       0%          3
c - Gell's Gravitas       Tloc           88%        N/A       0%          3
d - Teleport Other        Tloc           88%        N/A       0%          3
e - Manifold Assault      Tloc           88%        N/A       0%          5
f - Foxfire               Conj/Fire      100%       2x1d9     0%          1
g - Ensorcelled Hibernat  Hex/Ice        100%       N/A       0%          2
h - Vampiric Draining     Necr           88%        2d12      0%          3
i - Dispel Undead         Necr           88%        3d28      0%          4
j - Borgnjor's Vile Clut  Necr/Erth      44%        N/A       0%          5
k - Metabolic Englaciati  Hex/Ice        44%        N/A       0%          5
l - Iron Shot             Conj/Erth      44%        9d9       0%          6
m - Malign Gateway        Summ/Tloc      44%        N/A       1%          7
n - Ozocubu's Refrigerat  Ice            44%        4d13      1%          7
o - Necromutation         Tmut/Necr      44%        N/A       1%          8
p - Ignition              Fire           44%        3d13      1%          8
q - Fire Storm            Conj/Fire      44%        8d11      2%          9
r - Chain Lightning       Conj/Air       44%        3d58      2%          9
Your spell library was empty.

Dungeon Overview and Level Annotations

Branches:
Dungeon (1/1)

Altars:
Makhleb


Innate Abilities, Weirdness & Mutations

You are immune to sickness and miasma.
You are immune to poison.
Your flesh is very heat resistant. (rF++)
You are vulnerable to cold. (rC-)
You float through the air rather than walking.
You learn spells naturally, not from books.
Your magical power is your life essence.
You have superior vitality. (+4 MHP)


Message History

You slice the dread!!
You pulverise the dread into a thin bloody mist.
You destroy the dread!
Makhleb accepts your kill.
You feel better.
You hack one of the eight-headed meat hydra's heads off!
The seven-headed meat hydra grows two more!
You slice the nine-headed meat hydra!!
You dissect the nine-headed meat hydra like a pig carcass.
You kill the nine-headed meat hydra!
Makhleb accepts your kill.
You slash the vile! You chop the vile into pieces.
You destroy the vile!
Makhleb accepts your kill.
You are confused.
You are more confused.
You hear a shout!
A vile comes into view. It is wielding a +0 dire flail.
You're too confused to cast spells.
Unknown command.
You're too confused to cast spells.
Unknown command.
You're too confused to cast spells.
You're too confused to cast spells.
Unknown command.
You're too confused to cast spells.
Unknown command.
You're too confused to cast spells.
Unknown command.
You're too confused to cast spells.
Unknown command.
You can't go down here!
The vile appears out of thin air! x2
You are more confused.
Some rock shatters into small pieces.
The vile throws damnation at you.
The sphere of damnation explodes!
The damnation engulfs you!! The vile throws damnation at you.
The sphere of damnation explodes!
The damnation engulfs you!
You hear an angry hiss.
You hear a shout!
You have escaped!

)) ..)9))) . #)°
..)..†9 .9 #))
...#)) ..)#.#.).
.)).##)
.)9.)..)##.).))))
#.).))))9_..))) )
..)...#.).))#..))
..))9.._.@._.)..)
..).))#.)..)#))))
#...)))))_.))))))
.§9))..)#)#)....)
.§)###)))..)).##)
§§§.#.))))).#).☼
...)#))÷.)))#.9)
.....)))).)))).))
.....).))).)))).)


You could see 8 viles.

Vanquished Creatures
  108 molten gargoyles (D)
  Dispater (D)
  A slime creature (D)
  52 hell knights (D)
  Sigmund (D)
  26 hell beasts (D)
  Edmund (D)
  20 royal mummies (D)
  33 great orbs of eyes (D)
  35 wraiths (D)
  27 vampire knights (D)
  61 ogres (D)
  13 two-headed ogres (D)
  14 liches (D)
  28 hydras (D)
  38 phantoms (D)
  134 orcs (D)
  16 skeletal warriors (D)
  34 sea snakes (D)
  A pandemonium lord (D)
  An Orb Guardian (D)
  2 lorocyprocas (D)
  A green death (D)
  2 orange demons (D)
650 creatures vanquished.

Notes
Turn   | Place    | Note
-------+----------+-------------------------------------------
     0 | D        | Found the +∞ Axe of Woe
     0 | D        | thiscave3701365 the Djinni Warper began the quest for the
                  | Orb.
     0 | D        | Reached XP level 1. HP: 18/18 MP: 0/0
     1 | D        | Noticed a bag of meat
     1 | D        | Noticed a bag of meat
     3 | D        | Became a worshipper of Makhleb the Destroyer
     3 | D        | Noticed a bag of meat
     3 | D        | Noticed a bag of meat
     4 | D        | Noticed a meat berserker
     5 | D        | Noticed a meat berserker
     5 | D        | Noticed a meat berserker
     5 | D        | Noticed a bag of meat
     6 | D        | Killed a bag of meat
     6 | D        | Killed a meat berserker
     6 | D        | Reached * piety under Makhleb
     6 | D        | Noticed a bag of meat
     7 | D        | Reached skill level 10 in Axes
     7 | D        | Reached XP level 2. HP: 38/38 MP: 0/0
     7 | D        | Reached XP level 3. HP: 43/43 MP: 0/0
     7 | D        | Learned a level 1 spell: Foxfire
     7 | D        | Reached XP level 4. HP: 49/49 MP: 0/0
     7 | D        | Reached XP level 5. HP: 55/55 MP: 0/0
     7 | D        | Learned a level 2 spell: Ensorcelled Hibernation
     7 | D        | Reached XP level 6. HP: 61/61 MP: 0/0
     7 | D        | Reached XP level 7. HP: 66/66 MP: 0/0
     7 | D        | Learned a level 3 spell: Vampiric Draining
     7 | D        | Reached XP level 8. HP: 72/72 MP: 0/0
     7 | D        | Reached XP level 9. HP: 77/77 MP: 0/0
     7 | D        | Learned a level 4 spell: Dispel Undead
     7 | D        | Reached XP level 10. HP: 84/84 MP: 0/0
     7 | D        | Reached XP level 11. HP: 89/89 MP: 0/0
     7 | D        | Learned a level 5 spell: Borgnjor's Vile Clutch
     7 | D        | Reached XP level 12. HP: 95/95 MP: 0/0
     7 | D        | Reached XP level 13. HP: 100/100 MP: 0/0
     7 | D        | Learned a level 5 spell: Metabolic Englaciation
     8 | D        | Killed a meat berserker
     8 | D        | Noticed a meat berserker
     8 | D        | Noticed a bag of meat
     9 | D        | Reached XP level 14. HP: 50/110 MP: 0/0
     9 | D        | Killed a meat berserker
     9 | D        | Killed a bag of meat
     9 | D        | Reached ** piety under Makhleb
     9 | D        | Noticed a bag of meat
    10 | D        | Reached skill level 15 in Fighting
    10 | D        | Reached skill level 5 in Throwing
    10 | D        | Reached skill level 15 in Dodging
    10 | D        | Reached XP level 15. HP: 56/120 MP: 0/0
    10 | D        | Learned a level 6 spell: Iron Shot
    10 | D        | Reached *** piety under Makhleb
    10 | D        | Noticed a meat berserker
    11 | D        | Reached skill level 15 in Axes
    11 | D        | Reached skill level 5 in Armour
    12 | D        | Reached XP level 16. HP: 130/130 MP: 0/0
    12 | D        | Reached **** piety under Makhleb
    12 | D        | Killed a meat berserker
    13 | D        | Reached skill level 27 in Spellcasting
    13 | D        | Reached XP level 17. HP: 145/145 MP: 0/0
    13 | D        | Learned a level 7 spell: Malign Gateway
    13 | D        | Killed a meat berserker
    13 | D        | Reached ***** piety under Makhleb
    14 | D        | Reached XP level 18. HP: 157/157 MP: 0/0
    14 | D        | Noticed a meat berserker
    15 | D        | Killed a meat berserker
    17 | D        | Noticed a meat berserker
    18 | D        | Killed a meat berserker
    18 | D        | Noticed a large bag of meat
    18 | D        | Noticed a meat berserker
    19 | D        | Reached skill level 27 in Fighting
    19 | D        | Reached skill level 27 in Axes
    19 | D        | Reached skill level 10 in Throwing
    19 | D        | Reached XP level 19. HP: 174/174 MP: 0/0
    19 | D        | Learned a level 7 spell: Ozocubu's Refrigeration
    19 | D        | Reached ****** piety under Makhleb
    19 | D        | Killed a meat berserker
    20 | D        | Reached skill level 15 in Armour
    20 | D        | Reached skill level 27 in Dodging
    20 | D        | Killed a large bag of meat
    20 | D        | Noticed a meat berserker
    21 | D        | Reached XP level 20. HP: 181/181 MP: 0/0
    21 | D        | Killed a meat berserker
    22 | D        | Noticed a destroyer
    22 | D        | Noticed a large bag of meat
    22 | D        | Noticed a meat berserker
    23 | D        | Killed a meat berserker
    23 | D        | Killed a destroyer
    23 | D        | Noticed a meat berserker
    23 | D        | Noticed a destroyer
    24 | D        | Reached skill level 27 in Throwing
    24 | D        | Reached XP level 21. HP: 187/187 MP: 0/0
    24 | D        | Learned a level 8 spell: Necromutation
    24 | D        | Noticed a meat berserker
    24 | D        | Noticed a destroyer
    25 | D        | Killed a meat berserker
    25 | D        | Noticed a meat berserker
    26 | D        | Reached skill level 27 in Armour
    26 | D        | Killed a large bag of meat
    26 | D        | Killed a meat berserker
    26 | D        | Noticed a large bag of meat
    27 | D        | Reached XP level 22. HP: 194/194 MP: 0/0
    27 | D        | Noticed a meat berserker
    27 | D        | Killed a meat berserker
    27 | D        | Killed a meat berserker
    27 | D        | Killed a destroyer
    28 | D        | Reached skill level 10 in Maces & Flails
    28 | D        | Reached skill level 10 in Polearms
    28 | D        | Reached skill level 10 in Slings
    28 | D        | Reached skill level 10 in Bows
    28 | D        | Reached skill level 10 in Crossbows
    28 | D        | Reached XP level 23. HP: 201/201 MP: 0/0
    28 | D        | Learned a level 8 spell: Ignition
    28 | D        | Killed a large bag of meat
    28 | D        | Killed a destroyer
    29 | D        | Noticed a destroyer
    29 | D        | Killed a destroyer
    29 | D        | Noticed a destroyer
    30 | D        | Reached skill level 15 in Shields
    30 | D        | Reached skill level 15 in Unarmed Combat
    30 | D        | Reached skill level 15 in Invocations
    30 | D        | Reached skill level 15 in Evocations
    30 | D        | Reached XP level 24. HP: 208/208 MP: 0/0
    30 | D        | Killed a destroyer
    30 | D        | Noticed a destroyer
    31 | D        | Reached skill level 15 in Short Blades
    31 | D        | Reached skill level 15 in Long Blades
    31 | D        | Reached skill level 15 in Staves
    31 | D        | Reached skill level 15 in Stealth
    31 | D        | Killed a destroyer
    32 | D        | Reached skill level 15 in Maces & Flails
    32 | D        | Reached skill level 15 in Polearms
    32 | D        | Reached skill level 15 in Slings
    32 | D        | Reached skill level 15 in Bows
    32 | D        | Reached skill level 15 in Crossbows
    34 | D        | Reached XP level 25. HP: 214/214 MP: 0/0
    34 | D        | Learned a level 9 spell: Fire Storm
    35 | D        | Noticed a large bag of meat
    36 | D        | Killed a large bag of meat
    36 | D        | Noticed a destroyer
    37 | D        | Noticed a destroyer
    38 | D        | Noticed a destroyer
    41 | D        | Reached XP level 26. HP: 221/221 MP: 0/0
    41 | D        | Noticed a destroyer
    41 | D        | Killed a destroyer
    41 | D        | Killed a destroyer
    41 | D        | Killed a destroyer
    42 | D        | Killed a destroyer
    42 | D        | Noticed a destroyer
    43 | D        | Reached XP level 27. HP: 228/228 MP: 0/0
    43 | D        | Learned a level 9 spell: Chain Lightning
    43 | D        | Killed a destroyer
    44 | D        | Noticed an accursed
    44 | D        | Noticed an accursed
    44 | D        | Killed an accursed
    44 | D        | Killed an accursed
    45 | D        | Noticed an accursed
    45 | D        | Killed an accursed
    46 | D        | Noticed a large bag of meat
    50 | D        | Noticed a tyrant
    51 | D        | Noticed a tyrant
    51 | D        | Killed a tyrant
    51 | D        | Killed a tyrant
    57 | D        | Noticed a tyrant
    58 | D        | Noticed a meat beast
    60 | D        | Killed a meat beast
    61 | D        | Killed a tyrant
    63 | D        | Noticed an accursed
    64 | D        | Killed an accursed
    65 | D        | Reached skill level 27 in Shields
    65 | D        | Reached skill level 27 in Unarmed Combat
    65 | D        | Reached skill level 27 in Invocations
    65 | D        | Reached skill level 27 in Evocations
    67 | D        | Reached skill level 27 in Short Blades
    67 | D        | Reached skill level 27 in Long Blades
    67 | D        | Reached skill level 27 in Staves
    67 | D        | Reached skill level 27 in Stealth
    67 | D        | Noticed an accursed
    67 | D        | Noticed an accursed
    67 | D        | Noticed a destroyer
    68 | D        | Killed a destroyer
    68 | D        | Killed an accursed
    68 | D        | Noticed a large bag of meat
    69 | D        | Reached skill level 27 in Maces & Flails
    69 | D        | Reached skill level 27 in Polearms
    69 | D        | Reached skill level 27 in Slings
    69 | D        | Reached skill level 27 in Bows
    69 | D        | Reached skill level 27 in Crossbows
    69 | D        | Killed a large bag of meat
    69 | D        | Killed an accursed
    69 | D        | Noticed The Captor
    69 | D        | Noticed an accursed
    70 | D        | Killed The Captor
    71 | D        | Noticed a meat beast
    71 | D        | Killed an accursed
    71 | D        | Killed a meat beast
    73 | D        | Noticed a meat beast
    73 | D        | Noticed a dread
    75 | D        | Noticed a meat beast
    75 | D        | Killed a meat beast
    76 | D        | Killed a dread
    77 | D        | Killed a meat beast
    77 | D        | Noticed an accursed
    78 | D        | Killed an accursed
    88 | D        | Noticed a meat beast
    90 | D        | Noticed an accursed
    90 | D        | Killed a meat beast
    90 | D        | Killed an accursed
    92 | D        | Noticed a tyrant
    92 | D        | Killed a tyrant
    94 | D        | Noticed a tyrant
    94 | D        | Killed a tyrant
    94 | D        | Noticed a tyrant
    95 | D        | Killed a tyrant
    95 | D        | Noticed a meat beast
    96 | D        | Killed a meat beast
    96 | D        | Noticed an accursed
    97 | D        | Killed an accursed
    99 | D        | Noticed a dread
    99 | D        | Killed a dread
   100 | D        | Noticed an accursed
   101 | D        | Killed an accursed
   104 | D        | Noticed a dread
   104 | D        | Noticed a destroyer
   105 | D        | Killed a dread
   105 | D        | Killed a destroyer
   105 | D        | Noticed a meat beast
   107 | D        | Killed a meat beast
   109 | D        | Noticed a large bag of meat
   110 | D        | Killed a large bag of meat
   110 | D        | Noticed an accursed
   112 | D        | Noticed a meat beast
   113 | D        | Killed a meat beast
   113 | D        | Killed an accursed
   113 | D        | Noticed an accursed
   113 | D        | Noticed a fleshlord
   115 | D        | Noticed a destroyer
   115 | D        | Killed a fleshlord
   115 | D        | Killed an accursed
   115 | D        | Killed a destroyer
   115 | D        | Noticed a fleshlord
   116 | D        | Killed a fleshlord
   116 | D        | Noticed a fleshlord
   116 | D        | Noticed a fleshlord
   117 | D        | Killed a fleshlord
   118 | D        | Killed a fleshlord
   118 | D        | Noticed a fleshlord
   118 | D        | Noticed a fleshlord
   119 | D        | Killed a fleshlord
   120 | D        | Noticed a fleshlord
   120 | D        | Killed a fleshlord
   120 | D        | Killed a fleshlord
   121 | D        | Noticed a fleshlord
   121 | D        | Noticed a tyrant
   122 | D        | Noticed a fleshlord
   123 | D        | Killed a tyrant
   123 | D        | Killed a fleshlord
   124 | D        | Noticed a fleshlord
   125 | D        | Killed a fleshlord
   126 | D        | Noticed a fleshlord
   127 | D        | Killed a fleshlord
   128 | D        | Noticed a tyrant
   129 | D        | Killed a tyrant
   130 | D        | Noticed a fleshlord
   130 | D        | Noticed an accursed
   131 | D        | Killed an accursed
   131 | D        | Killed a fleshlord
   131 | D        | Noticed an accursed
   131 | D        | Noticed a dread
   132 | D        | Killed an accursed
   132 | D        | Killed a dread
   133 | D        | Killed a fleshlord
   134 | D        | Noticed a meat beast
   135 | D        | Noticed a meat beast
   135 | D        | Killed a meat beast
   135 | D        | Noticed a fleshlord
   135 | D        | Noticed a tyrant
   136 | D        | Killed a tyrant
   136 | D        | Killed a fleshlord
   136 | D        | Killed a meat beast
   140 | D        | Noticed a destroyer
   141 | D        | Noticed a dread
   141 | D        | Killed a destroyer
   141 | D        | Killed a dread
   142 | D        | Noticed a dread
   142 | D        | Noticed The Meatlord
   142 | D        | Killed The Meatlord
   142 | D        | Killed a dread
   142 | D        | Noticed a tyrant
   142 | D        | Noticed a fleshlord
   143 | D        | Killed a tyrant
   143 | D        | Killed a fleshlord
   143 | D        | Noticed a fleshlord
   144 | D        | Killed a fleshlord
   145 | D        | Got the Orb of Zot
   145 | D        | Noticed a destroyer
   147 | D        | Killed a destroyer
   149 | D        | Noticed a dread
   149 | D        | Killed a dread
   150 | D        | Noticed an accursed
   151 | D        | Killed an accursed
   152 | D        | Noticed a meat beast
   153 | D        | Killed a meat beast
   154 | D        | Noticed a meat beast
   154 | D        | Noticed a destroyer
   154 | D        | Noticed a destroyer
   155 | D        | Killed a meat beast
   155 | D        | Killed a destroyer
   155 | D        | Killed a destroyer
   155 | D        | Noticed a meat beast
   156 | D        | Killed a meat beast
   156 | D        | Noticed a dread
   156 | D        | Noticed a destroyer
   157 | D        | Killed a destroyer
   157 | D        | Noticed a meat beast
   157 | D        | Noticed a destroyer
   158 | D        | Killed a meat beast
   158 | D        | Killed a destroyer
   158 | D        | Killed a dread
   158 | D        | Noticed an accursed
   159 | D        | Killed an accursed
   160 | D        | Noticed a meat beast
   161 | D        | Noticed a destroyer
   162 | D        | Noticed a dread
   162 | D        | Noticed Gaich the pandemonium lord
   162 | D        | Killed Gaich the pandemonium lord
   162 | D        | Killed a dread
   162 | D        | Killed a destroyer
   164 | D        | Killed a meat beast
   165 | D        | Noticed a fleshlord
   166 | D        | Killed a fleshlord
   167 | D        | Noticed a fleshlord
   168 | D        | Killed a fleshlord
   168 | D        | Noticed a meat beast
   169 | D        | Killed a meat beast
   171 | D        | Noticed a fleshlord
   172 | D        | Killed a fleshlord
   176 | D        | Noticed a fleshlord
   177 | D        | Killed a fleshlord
   177 | D        | Noticed a dread
   178 | D        | Killed a dread
   178 | D        | Noticed a fleshlord
   179 | D        | Killed a fleshlord
   179 | D        | Noticed a large bag of meat
   180 | D        | Killed a large bag of meat
   180 | D        | Noticed a destroyer
   181 | D        | Killed a destroyer
   186 | D        | Noticed a dread
   187 | D        | Killed a dread
   188 | D        | Noticed a large bag of meat
   189 | D        | Killed a large bag of meat
   189 | D        | Noticed a fleshlord
   190 | D        | Killed a fleshlord
   191 | D        | Noticed a meat beast
   192 | D        | Killed a meat beast
   194 | D        | Noticed a fleshlord
   194 | D        | Noticed a dread
   195 | D        | Killed a fleshlord
   195 | D        | Killed a dread
   195 | D        | Noticed a fleshlord
   196 | D        | Killed a fleshlord
   196 | D        | Noticed a fleshlord
   196 | D        | Noticed The Defiler
   197 | D        | Killed a fleshlord
   197 | D        | Killed The Defiler
   199 | D        | Noticed a fleshlord
   199 | D        | Noticed a dread
   199 | D        | Noticed a fleshlord
   199 | D        | Noticed a meat beast
   200 | D        | Killed a fleshlord
   200 | D        | Killed a dread
   200 | D        | Killed a fleshlord
   200 | D        | Noticed a tyrant
   201 | D        | Killed a tyrant
   201 | D        | Killed a meat beast
   202 | D        | Noticed a destroyer
   203 | D        | Killed a destroyer
   203 | D        | Noticed a fleshlord
   203 | D        | Noticed a fleshlord
   204 | D        | Killed a fleshlord
   204 | D        | Killed a fleshlord
   204 | D        | Noticed a dread
   204 | D        | Noticed a dread
   205 | D        | Killed a dread
   205 | D        | Killed a dread
   205 | D        | Noticed a dread
   206 | D        | Killed a dread
   206 | D        | Noticed a fleshlord
   206 | D        | Noticed a destroyer
   206 | D        | Noticed a dread
   206 | D        | Noticed a fleshlord
   206 | D        | Noticed a destroyer
   207 | D        | Killed a fleshlord
   207 | D        | Killed a destroyer
   207 | D        | Noticed a fleshlord
   208 | D        | Killed a fleshlord
   208 | D        | Noticed a meat beast
   208 | D        | Noticed a meat beast
   209 | D        | Killed a meat beast
   209 | D        | Killed a dread
   209 | D        | Killed a fleshlord
   210 | D        | Noticed a vile
   210 | D        | Killed a vile
   210 | D        | Noticed a meat beast
   210 | D        | Noticed a dread
   211 | D        | Killed a meat beast
   211 | D        | Killed a destroyer
   211 | D        | Killed a meat beast
   212 | D        | Noticed a vile
   212 | D        | Killed a dread
   213 | D        | Killed a vile
   213 | D        | Noticed a vile
   213 | D        | Noticed a fleshlord
   213 | D        | Noticed a fleshlord
   214 | D        | Killed a vile
   215 | D        | Killed a fleshlord
   215 | D        | Killed a fleshlord
   215 | D        | Noticed a vile
   216 | D        | Killed a vile
   216 | D        | Noticed a meat beast
   217 | D        | Killed a meat beast
   217 | D        | Noticed a fleshlord
   217 | D        | Noticed a dread
   218 | D        | Noticed a dread
   218 | D        | Killed a dread
   218 | D        | Killed a dread
   218 | D        | Killed a fleshlord
   218 | D        | Noticed a fleshlord
   218 | D        | Noticed a dread
   218 | D        | Noticed a destroyer
   219 | D        | Killed a dread
   219 | D        | Killed a fleshlord
   219 | D        | Killed a destroyer
   219 | D        | Noticed a fleshlord
   220 | D        | Killed a fleshlord
   221 | D        | Noticed a fleshlord
   222 | D        | Killed a fleshlord
   224 | D        | Noticed a dread
   225 | D        | Killed a dread
   225 | D        | Noticed a fleshlord
   226 | D        | Killed a fleshlord
   227 | D        | Noticed a vile
   227 | D        | Killed a vile
   227 | D        | Noticed a meat beast
   228 | D        | Killed a meat beast
   230 | D        | Noticed a meat beast
   230 | D        | Noticed a dread
   230 | D        | Noticed a fleshlord
   231 | D        | Noticed a vile
   231 | D        | Killed a vile
   231 | D        | Killed a dread
   231 | D        | Killed a fleshlord
   231 | D        | Killed a meat beast
   231 | D        | Noticed a fleshlord
   231 | D        | Noticed a vile
   232 | D        | Killed a fleshlord
   232 | D        | Killed a vile
   232 | D        | Noticed an accursed
   233 | D        | Killed an accursed
   233 | D        | Noticed a vile
   234 | D        | Killed a vile
   235 | D        | Noticed a fleshlord
   235 | D        | Noticed a tyrant
   236 | D        | Killed a fleshlord
   236 | D        | Killed a tyrant
   237 | D        | Noticed a vile
   238 | D        | Killed a vile
   239 | D        | Noticed a large bag of meat
   239 | D        | Noticed a fleshlord
   240 | D        | Killed a large bag of meat
   240 | D        | Killed a fleshlord
   240 | D        | Noticed a vile
   241 | D        | Killed a vile
   241 | D        | Noticed a fleshlord
   241 | D        | Noticed a vile
   242 | D        | Killed a vile
   242 | D        | Killed a fleshlord
   242 | D        | Noticed a vile
   242 | D        | Noticed a vile
   242 | D        | Noticed an accursed
   243 | D        | Killed a vile
   243 | D        | Killed an accursed
   243 | D        | Killed a vile
   243 | D        | Noticed a dread
   244 | D        | Killed a dread
   244 | D        | Noticed a tyrant
   244 | D        | Noticed a dread
   245 | D        | Killed a tyrant
   245 | D        | Killed a dread
   245 | D        | Noticed a dread
   245 | D        | Noticed a tyrant
   246 | D        | Killed a tyrant
   246 | D        | Noticed a dread
   246 | D        | Noticed a vile
   246 | D        | Noticed a fleshlord
   247 | D        | Killed a vile
   247 | D        | Killed a fleshlord
   247 | D        | Killed a dread
   248 | D        | Killed a dread
   248 | D        | Noticed a fleshlord
   248 | D        | Noticed an accursed
   249 | D        | Killed an accursed
   249 | D        | Killed a fleshlord
   250 | D        | Noticed a vile
   251 | D        | Killed a vile
   251 | D        | Noticed a fleshlord
   251 | D        | Noticed a destroyer
   252 | D        | Killed a fleshlord
   252 | D        | Killed a destroyer
   252 | D        | Noticed a large bag of meat
   252 | D        | Noticed a dread
   252 | D        | Noticed a vile
   253 | D        | Killed a dread
   253 | D        | Killed a vile
   253 | D        | Killed a large bag of meat
   255 | D        | Noticed a vile
   255 | D        | Noticed a fleshlord
   256 | D        | Killed a vile
   256 | D        | Noticed a vile
   256 | D        | Noticed a fleshlord
   257 | D        | Killed a vile
   257 | D        | Killed a fleshlord
   257 | D        | Killed a fleshlord
   259 | D        | Noticed a vile
   259 | D        | Noticed a large bag of meat
   260 | D        | Killed a vile
   260 | D        | Noticed a fleshlord
   260 | D        | Noticed a vile
   261 | D        | Killed a fleshlord
   261 | D        | Killed a large bag of meat
   261 | D        | Killed a vile
   261 | D        | Noticed a vile
   261 | D        | Noticed a dread
   262 | D        | Killed a vile
   262 | D        | Killed a dread
   263 | D        | Noticed a vile
   263 | D        | Killed a vile
   264 | D        | Noticed a large bag of meat
   265 | D        | Killed a large bag of meat
   265 | D        | Noticed a vile
   266 | D        | Noticed a vile
   266 | D        | Killed a vile
   266 | D        | Killed a vile
   266 | D        | Noticed a vile
   267 | D        | Killed a vile
   267 | D        | Noticed a vile
   268 | D        | Noticed a vile
   268 | D        | Killed a vile
   268 | D        | Killed a vile
   268 | D        | Noticed a vile
   269 | D        | Noticed a vile
   269 | D        | Killed a vile
   269 | D        | Killed a vile
   269 | D        | Noticed a vile
   270 | D        | Noticed a vile
   270 | D        | Killed a vile
   270 | D        | Killed a vile
   271 | D        | Noticed a vile
   272 | D        | Noticed a vile
   272 | D        | Noticed a fleshlord
   273 | D        | Killed a vile
   273 | D        | Noticed a vile
   274 | D        | Killed a vile
   274 | D        | Killed a fleshlord
   274 | D        | Killed a vile
   275 | D        | Noticed a vile
   275 | D        | Killed a vile
   275 | D        | Noticed a vile
   275 | D        | Noticed a vile
   276 | D        | Killed a vile
   276 | D        | Noticed a vile
   277 | D        | Killed a vile
   277 | D        | Noticed a vile
   277 | D        | Noticed a vile
   278 | D        | Noticed a vile
   278 | D        | Killed a vile
   278 | D        | Killed a vile
   278 | D        | Killed a vile
   278 | D        | Noticed a dread
   278 | D        | Noticed a vile
   278 | D        | Noticed a vile
   279 | D        | Killed a vile
   279 | D        | Killed a dread
   279 | D        | Killed a vile
   279 | D        | Noticed a vile
   280 | D        | Noticed a vile
   280 | D        | Killed a vile
   281 | D        | Killed a vile
   281 | D        | Killed a vile
   281 | D        | Noticed a large bag of meat
   282 | D        | Noticed a vile
   282 | D        | Killed a vile
   282 | D        | Killed a large bag of meat
   282 | D        | Noticed a vile
   283 | D        | Killed a vile
   284 | D        | Noticed a dread
   284 | D        | Noticed a vile
   285 | D        | Killed a vile
   285 | D        | Killed a dread
   285 | D        | Noticed a vile
   286 | D        | Noticed a vile
   286 | D        | Killed a vile
   286 | D        | Killed a vile
   287 | D        | Noticed a vile
   287 | D        | Noticed a vile
   287 | D        | Noticed a fleshlord
   288 | D        | Noticed a vile
   288 | D        | Killed a vile
   288 | D        | Killed a fleshlord
   288 | D        | Killed a vile
   288 | D        | Noticed a vile
   289 | D        | Noticed a vile
   289 | D        | Killed a vile
   289 | D        | Killed a vile
   289 | D        | Noticed a vile
   290 | D        | Killed a vile
   290 | D        | Noticed a vile
   291 | D        | Killed a vile
   291 | D        | Killed a vile
   291 | D        | Noticed a vile
   292 | D        | Killed a vile
   292 | D        | Noticed a vile
   292 | D        | Noticed a vile
   293 | D        | Noticed a vile
   293 | D        | Killed a vile
   293 | D        | Killed a vile
   293 | D        | Killed a vile
   293 | D        | Noticed a vile
   294 | D        | Killed a vile
   295 | D        | Noticed a dread
   295 | D        | Noticed a vile
   296 | D        | Noticed a vile
   296 | D        | Killed a vile
   296 | D        | Killed a vile
   297 | D        | Noticed a vile
   297 | D        | Killed a dread
   297 | D        | Killed a vile
   297 | D        | Noticed a vile
   298 | D        | Noticed a vile
   298 | D        | Killed a vile
   298 | D        | Killed a vile
   299 | D        | Noticed a vile
   299 | D        | Noticed a vile
   300 | D        | Killed a vile
   301 | D        | Killed a vile
   301 | D        | Noticed a vile
   302 | D        | Noticed a vile
   302 | D        | Killed a vile
   302 | D        | Killed a vile
   302 | D        | Noticed a vile
   303 | D        | Killed a vile
   303 | D        | Noticed a vile
   304 | D        | Killed a vile
   304 | D        | Noticed a vile
   305 | D        | Noticed a vile
   305 | D        | Killed a vile
   305 | D        | Killed a vile
   307 | D        | Noticed a vile
   307 | D        | Noticed a vile
   307 | D        | Killed a vile
   307 | D        | Killed a vile
   307 | D        | Noticed a vile
   308 | D        | Killed a vile
   309 | D        | Noticed a vile
   309 | D        | Noticed a vile
   310 | D        | Killed a vile
   310 | D        | Killed a vile
   312 | D        | Noticed a vile
   312 | D        | Noticed a vile
   313 | D        | Noticed a vile
   313 | D        | Killed a vile
   313 | D        | Killed a vile
   313 | D        | Killed a vile
   314 | D        | Noticed a vile
   314 | D        | Killed a vile
   314 | D        | Noticed a vile
   315 | D        | Killed a vile
   315 | D        | Noticed a vile
   315 | D        | Noticed a vile
   316 | D        | Noticed a vile
   316 | D        | Killed a vile
   316 | D        | Killed a vile
   316 | D        | Killed a vile
   316 | D        | Noticed a fleshlord
   316 | D        | Noticed a dread
   317 | D        | Noticed a vile
   317 | D        | Killed a fleshlord
   317 | D        | Killed a vile
   317 | D        | Killed a dread
   319 | D        | Noticed a vile
   320 | D        | Killed a vile
   320 | D        | Noticed The Unspeakable
   320 | D        | Noticed a vile
   320 | D        | Noticed a vile
   320 | D        | Noticed a vile
   321 | D        | Noticed a vile
   321 | D        | Killed a vile
   321 | D        | Killed a vile
   321 | D        | Killed The Unspeakable
   321 | D        | Noticed a vile
   322 | D        | Killed a vile
   322 | D        | Killed a vile
   322 | D        | Noticed a vile
   322 | D        | Noticed a vile
   323 | D        | Noticed a vile
   323 | D        | Killed a vile
   323 | D        | Killed a vile
   323 | D        | Killed a vile
   323 | D        | Noticed a vile
   323 | D        | Noticed a dread
   323 | D        | Noticed a vile
   324 | D        | Noticed a vile
   324 | D        | Killed a vile
   324 | D        | Killed a vile
   324 | D        | Killed a vile
   324 | D        | Noticed a vile
   325 | D        | Killed a vile
   325 | D        | Killed a dread
   326 | D        | Noticed a vile
   326 | D        | Killed a vile
   326 | D        | Killed a vile
   326 | D        | Noticed a vile
   327 | D        | Killed a vile
   328 | D        | Got a slimy rune of Zot
   329 | D        | Noticed a vile
   329 | D        | Noticed a vile
   330 | D        | Killed a vile
   330 | D        | Noticed a vile
   330 | D        | Noticed a vile
   331 | D        | Killed a vile
   331 | D        | Killed a vile
   332 | D        | Noticed a dread
   332 | D        | Noticed a vile
   332 | D        | Noticed a vile
   332 | D        | Noticed a vile
   332 | D        | Noticed a vile
   333 | D        | Killed a dread
   333 | D        | Killed a vile
   333 | D        | Noticed a vile
   334 | D        | Noticed a vile
   334 | D        | Noticed a vile
   335 | D        | Noticed a vile
   335 | D        | Noticed a vile
   335 | D        | Noticed a vile
   335 | D        | Escaped with the Orb!

Illustrated notes

Levels and vault maps discovered:
D:        meatsprint

Skill      XL: |  1  2  3  4  5  6  7  8  9 10 11 12 13 14 15 16 17 18 19 20 21 22 23 24 25 26 27 |
---------------+----------------------------------------------------------------------------------+-----
Fighting       | 11 13 15 17 20 22 27 | 27.0
Axes           | 10 11 13 16 20 24 27 | 27.0
Throwing       | 3 4 5 6 7 10 20 27 | 27.0
Armour         | 3 4 5 6 7 9 18 26 27 | 27.0
Dodging        | 12 13 15 17 19 21 24 27 | 27.0
Spellcasting   | 19 21 23 26 27 | 27.0
Short Blades   | 8 11 14 16 19 21 27 | 27.0
Long Blades    | 8 11 14 16 19 21 27 | 27.0
Maces & Flails | 8 10 13 15 17 19 27 | 27.0
Polearms       | 8 10 13 15 17 19 27 | 27.0
Staves         | 8 11 14 16 19 21 27 | 27.0
Slings         | 8 10 13 15 17 19 27 | 27.0
Bows           | 8 10 13 15 17 19 27 | 27.0
Crossbows      | 8 10 13 15 17 19 27 | 27.0
Stealth        | 8 11 14 16 19 21 27 | 27.0
Shields        | 8 11 15 17 19 21 27 | 27.0
Unarmed Combat | 8 11 15 17 19 21 27 | 27.0
Invocations    | 8 11 15 17 19 21 27 | 27.0
Evocations     | 8 11 15 17 19 21 27 | 27.0

Action                   |  1- 3 |  4- 6 |  7- 9 | 10-12 | 13-15 | 16-18 | 19-21 | 22-24 | 25-27 || total
-------------------------+-------+-------+-------+-------+-------+-------+-------+-------+-------++-------
Melee: Executioner's axe |     1 |       |       |       |     4 |    12 |    18 |    16 |   597 ||   648
 Cast: Manifold Assault  |       |       |       |       |       |     4 |     6 |     6 |   244 ||   260
Armor: Leather armour    |       |       |       |       |       |       |       |       |     1 ||     1
Dodge: Dodged            |       |       |       |       |       |       |       |       |     5 ||     5

Table legend: (Time is in decaauts)
 A = Elapsed time spent in this place.
 B = Non-inter-level travel time spent in this place.
 C = Inter-level travel time spent in this place.
 D = Time resting spent in this place.
 E = Time spent auto-exploring this place.
 F = Levels seen in this place.
 G = Mean time per level.
                   A        B        C        D        E       F      G
               +--------+--------+--------+--------+--------+-----+--------+
         Total |    278 |    278 |      0 |      0 |      0 |   1 |  278.0 |
       Dungeon |    278 |    278 |      0 |      0 |      0 |   1 |  278.0 |
               +--------+--------+--------+--------+--------+-----+--------+

Top non-repeatable levels by time:
       D: 278 daAuts
